 Dungeon Crawl Stone Soup version 0.26-a0-597-gb535b0901c (webtiles) character file.

Game seed: 18278176459746727101

431 Descartes the Ducker (level 6, 0/25 HPs)
             Began as a Felid Transmuter on Aug 26, 2020.
             Shot with an arrow by a centaur (2 damage)
             ... on level 5 of the Dungeon.
             The game lasted 00:08:13 (6060 turns).

Descartes the Ducker (Felid Transmuter)             Turns: 6060, Time: 00:08:14

Health: 0/25       AC:  2    Str: 14    XL:     6   Next: 66%
Magic:  9/10       EV: 21    Int: 14    God:
Gold:   327        SH:  0    Dex: 17    Spells: 6/9 levels left
                                        Lives:  0   Deaths: 1

rFire    . . .     SeeInvis +     - Unarmed
rCold    . . .     Faith    .   (shield unavailable)
rNeg     . . .     Spirit   .   (armour unavailable)
rPois    +         Reflect  .   (helmet unavailable)
rElec    .         Harm     .   (cloak unavailable)
rCorr    .                      (gloves unavailable)
MR       .....                  (boots unavailable)
Stlth    ++++......             (no amulet)
HPRegen  0.08/turn              h - ring of poison resistance
MPRegen  0.12/turn              i - +6 ring of strength

@: appendages, quick
A: very small, no armour, no weapons or thrown items, stealth, claws 1, fangs 3,
horns 2, see invisible, speed 1, shaggy fur 2, sharp paws
a: End Transformation


You were on level 5 of the Dungeon.
You had grown temporary horns.
You visited 1 branch of the dungeon, and saw 5 of its levels.
You also visited: Sewer.

You collected 327 gold pieces.

Inventory:

Missiles
 j - 39 arrows
Jewellery
 h - a ring of poison resistance (left paw)
 i - a +6 ring of strength (right paw)
 m - an uncursed ring of protection from fire
Scrolls
 a - a scroll of fear {unknown}
 b - 2 scrolls of blinking {unknown}
 c - a scroll of remove curse
 e - a scroll of fog
 g - a scroll of noise
 k - 3 scrolls of teleportation
Potions
 d - 2 potions of flight {unknown}
 f - a potion of haste {unknown}
 l - a potion of resistance
 n - 2 potions of curing
 o - a potion of brilliance {unknown}
 p - a potion of lignification


   Skills:
 - Level 1.0 Fighting
 + Level 5.9 Dodging
 + Level 5.5 Stealth
 + Level 5.1 Unarmed Combat
 - Level 2.0 Spellcasting
 - Level 4.0 Transmutations


You had 6 spell levels left.
You knew the following spells:

 Your Spells              Type           Power        Failure   Level
a - Beastly Appendage     Tmut           ##....       4%          1
b - Wereblood             Tmut           ##......     7%          2

Your spell library contained the following spells:

 Spells                   Type           Power        Failure   Level
 Spider Form              Tmut/Pois      #.........   30%         3
 Confusing Touch          Hex            #.......     56%         3
 Gell's Gravitas          Tloc           #.........   56%         3
 Ice Form                 Ice/Tmut       #.......     71%         4
 Petrify                  Tmut/Erth      #.......     71%         4
 Blade Hands              Tmut           ##........   77%         5
 Yara's Violent Unravell  Hex/Tmut       #.........   96%         5
 Metabolic Englaciation   Hex/Ice        #.........   100%        5


Dungeon Overview and Level Annotations

Branches:
Dungeon (5/15)              Sewer (visited)
 Temple: D:4-7

Altars:
Fedhas
Kikubaaqudgha
Nemelex Xobeh
Sif Muna
Vehumet
Yredelemnul
The Shining One

Annotations:
D:2 1 runed translucent door, Crazy Yiuf
D:3 Pikel


Innate Abilities, Weirdness & Mutations

You cannot wear armour.
You are incapable of wielding weapons or throwing items.
Your paws allow you to move quietly. (Stealth)
You have sharp claws.
You have razor-sharp teeth.
You have supernaturally acute eyesight. (SInv)
You cover ground quickly.
You are covered in thick fur. (AC +2)
Your sharp claws are effective at attacking unaware monsters.
You have a pair of horns on your head.


Message History

The centaur shoots an arrow.
The arrow hits you!
* * * LOW HITPOINT WARNING * * *
You see here 2 arrows.
You are too injured to fight recklessly!
You are too injured to fight recklessly!
You are too injured to fight recklessly!
You are too injured to fight recklessly!
You are too injured to fight recklessly!
You are too injured to fight recklessly!
You are too injured to fight recklessly!
You are too injured to fight recklessly!
You are too injured to fight recklessly!
You are too injured to fight recklessly!
You are too injured to fight recklessly!
You are too injured to fight recklessly!
You are too injured to fight recklessly!
You are too injured to fight recklessly!
You are too injured to fight recklessly!
The centaur shoots an arrow.
The arrow hits you.
You die...

#..... # #.##.##.#
#.......# #.......# #
#.##.##.# ## ##.##.##.#
##. #...#.##>###.)
...#.######(#....#.##...
.....c.@(...........'...
...#.#######.#...#.##...
#.......###.. ###.#####
##. #.# ## #.# # #.#
#####


You could see a centaur.

Vanquished Creatures
  An ogre (D:3)
  A lemure (D:4)
  3 big kobolds (Sewer)
  Natasha (thrice) (D:3)
  An orc wizard (D:3)
  6 adders
  A river rat (Sewer)
  An ooze (Sewer)
  An adder skeleton (D:4)
  A worm (Sewer)
  2 dart slugs (D:1)
  2 leopard geckos (D:3)
  3 orcs (D:3)
  10 bats
  7 giant cockroaches
  15 goblins
  13 hobgoblins
  10 jackals
  2 quokkas
  8 ball pythons
  9 frilled lizards
  12 kobolds
  A quokka skeleton (D:4)
  8 rats
121 creatures vanquished.

Notes
Turn   | Place    | Note
-------+----------+-------------------------------------------
     0 | D:1      | Descartes the Felid Transmuter began the quest for the Orb.
     0 | D:1      | Reached XP level 1. HP: 9/9 MP: 4/4
   193 | D:1      | Reached skill level 1 in Stealth
   201 | D:1      | Reached XP level 2. HP: 12/12 MP: 6/6
  1121 | D:1      | Reached XP level 3. HP: 15/15 MP: 7/7
  1814 | D:2      | Reached XP level 4. HP: 19/19 MP: 8/8
  1892 | D:2      | HP: 1/28 [poisoned by an adder]
  2657 | D:2      | Found a runed translucent door.
  2658 | D:2      | Noticed Crazy Yiuf
  2859 | D:3      | Noticed Natasha
  2866 | D:3      | Killed Natasha
  2877 | D:3      | Noticed Natasha
  2899 | D:3      | Killed Natasha
  2899 | D:3      | Reached XP level 5. HP: 11/22 MP: 7/9
  3205 | D:3      | Noticed Natasha
  3404 | D:3      | Killed Natasha
  3708 | D:3      | Found a basalt altar of Yredelemnul.
  3708 | D:3      | Found a glowing golden altar of the Shining One.
  3708 | D:3      | Found a shimmering blue altar of Sif Muna.
  3708 | D:3      | Found an ancient bone altar of Kikubaaqudgha.
  3921 | D:3      | Found a sparkling altar of Nemelex Xobeh.
  3925 | D:3      | Found a radiant altar of Vehumet.
  4319 | D:3      | Noticed an ogre
  4325 | D:3      | Learned a level 2 spell: Wereblood
  4335 | D:3      | Killed an ogre
  4335 | D:3      | Gained mutation: You are covered in thick fur. (AC +2)
                  | [Felid growth]
  4335 | D:3      | Reached XP level 6. HP: 25/25 MP: 7/10
  4445 | D:4      | Reached skill level 5 in Dodging
  4623 | D:4      | Noticed Pikel
  4865 | D:3      | HP: 1/25 [Pikel/+2 whip of freezing (2)]
  4865 | D:3      | Slain by Pikel
  4866 | D:3      | Reached XP level 5. HP: 0/22 MP: 9/9
  5125 | D:4      | Found a blossoming altar of Fedhas.
  5477 | D:5      | Entered Level 5 of the Dungeon
  5484 | D:5      | Found a glowing drain.
  5502 | Sewer    | Entered a sewer
  5790 | Sewer    | Reached XP level 6. HP: 20/25 MP: 10/10
  5911 | Sewer    | Reached skill level 5 in Stealth
  5914 | Sewer    | Reached skill level 5 in Unarmed Combat
  6060 | D:5      | Shot with an arrow by a centaur

Illustrated notes

Levels and vault maps discovered:
D:1:      minmay_arrival_diagonal_passages, layout_basic, serial_corexii_hall,
          chequers_hall_statues_wall_a, corexii_hall_statues_l,
          minmay_tetromino_l4
D:2:      layout_basic, uniq_crazy_yiuf_cottage
D:3:      minmay_diamond_boxcup, layout_rooms, minmay_overflow_temple_hex,
          minmay_ogre_servants, uniq_natasha
D:4:      layout_layer_cave, fedhas_ov_isle_minmay,
          hangedman_abyss_or_decor_passed, uniq_pikel
D:5:      layout_loops_corners, portal_sewer_entry_a

Skill      XL: |  1  2  3  4  5  6 |
---------------+-------------------+-----
Stealth        | 1 2 3 4 5 |  5.5
Dodging        | 3 4 5 |  5.9
Transmutations | 3 4 |  4.0
Unarmed Combat | 4 5 |  5.1
Fighting       | |  1.0
Spellcasting   | |  2.0

Action                   |  1- 3 |  4- 6 || total
-------------------------+-------+-------++-------
Melee: Unarmed           |   106 |   266 ||   372
       Bite              |     9 |    31 ||    40
       Punch             |     2 |     2 ||     4
       Headbutt          |     1 |    36 ||    37
 Cast: Beastly Appendage |     1 |    27 ||    28
       Wereblood         |       |     4 ||     4
  Use: Potion            |     1 |     3 ||     4
       Scroll            |       |     8 ||     8
 Stab: Sleeping          |     5 |     8 ||    13
       Distracted        |     1 |       ||     1
Armor: Skin              |    22 |    14 ||    36
Dodge: Dodged            |    99 |   245 ||   344

Table legend: (Time is in decaauts)
 A = Elapsed time spent in this place.
 B = Non-inter-level travel time spent in this place.
 C = Inter-level travel time spent in this place.
 D = Time resting spent in this place.
 E = Time spent auto-exploring this place.
 F = Levels seen in this place.
 G = Mean time per level.
                   A        B        C        D        E       F      G
               +--------+--------+--------+--------+--------+-----+--------+
         Total |   5483 |   5431 |     52 |    169 |   4468 |   6 |  913.8 |
       Dungeon |   4995 |   4943 |     52 |    169 |   4120 |   5 |  999.0 |
         Sewer |    487 |    487 |      0 |      0 |    348 |   1 |  487.0 |
               +--------+--------+--------+--------+--------+-----+--------+

Top non-repeatable levels by time:
     D:3: 1622 daAuts
     D:2: 1453 daAuts
     D:1: 1120 daAuts
     D:4: 699 daAuts
   Sewer: 487 daAuts
     D:5: 99 daAuts
